 Dungeon Crawl Stone Soup version 0.22-a0-537-ge9e9f76342 (webtiles) character file.

189 Delvair the Ruffian (level 5, -9/40 HPs)
             Began as a Draconian Transmuter on June 23, 2018.
             Killed by divine providence
             ... invoked by an orc priest
              (11 damage)
             ... on level 3 of the Dungeon.
             The game lasted 00:16:36 (3647 turns).

Delvair the Ruffian (Draconian Transmuter)          Turns: 3647, Time: 00:16:37

Health: -9/40      AC:  6    Str: 13    XL:     5   Next: 40%
Magic:  3/9        EV: 12    Int: 19    God:
Gold:   116        SH:  0    Dex: 11    Spells: 3/9 levels left

rFire    . . .     SeeInvis .     - Unarmed
rCold    . . .     Gourm    .   (no shield)
rNeg     . . .     Faith    .   (armour unavailable)
rPois    .         Spirit   .   (helmet restricted)
rElec    .         Reflect  .   (no cloak)
rCorr    .         Harm     .   (no gloves)
MR       .....                  g - +0 pair of boots
Stlth    +.........             (no amulet)
HPRegen  0.13/turn              (no ring)
MPRegen  0.11/turn              (no ring)

@: brilliant, appendage, flying, very slightly contaminated
A: unfitting armour, horns 2, cold-blooded, AC +5
a: End Transformation


You were on level 3 of the Dungeon.
You were not hungry.
You had grown temporary horns.
You visited 1 branch of the dungeon, and saw 4 of its levels.

You collected 116 gold pieces.

Inventory:

Hand Weapons
 p - a +1 blowgun
 q - a +1 short sword of venom
 r - a +0 dagger
Missiles
 a - 59 arrows
 n - 28 poisoned needles
Armour
 g - a +0 pair of boots (worn)
Scrolls
 b - a scroll of immolation {unknown}
 e - a scroll of remove curse {unknown}
 h - a scroll of enchant armour {unknown}
 k - a scroll of enchant weapon
 l - 3 scrolls of identify
 m - a scroll of blinking {unknown}
 s - a scroll of fear {unknown}
Potions
 f - a potion of ambrosia {unknown}
 i - a potion of brilliance
 j - a potion of mutation {unknown}
Comestibles
 c - 3 rations
 o - 3 chunks of flesh


   Skills:
 + Level 1.2 Fighting
 + Level 2.7 Dodging
 + Level 4.4 Unarmed Combat
 + Level 2.8 Spellcasting
 + Level 2.5 Transmutations
 * Level 1.6 Poison Magic


You had 3 spell levels left.
You knew the following spells:

 Your Spells              Type           Power        Failure   Level  Hunger
a - Beastly Appendage     Tmut           ###...       1%          1    None
b - Sticks to Snakes      Tmut           ###.....     1%          2    ##.....
c - Spider Form           Tmut/Pois      ###.......   2%          3    ###....

Your spell library contained the following spells:

 Spells                   Type           Power        Failure   Level  Hunger
 Blade Hands              Tmut           ###.......   16%         5    ######.
 Ice Form                 Ice/Tmut       ###.....     10%         4    ####...


Dungeon Overview and Level Annotations

Branches:
Dungeon (4/15)
 Temple: D:4-7

Altars:


Innate Abilities, Weirdness & Mutations

Your plain brown scales are hard. (AC +5)
You cannot fit into any form of body armour.
You are cold-blooded and may be slowed by cold attacks.
You have a pair of horns on your head.


Message History

The orc hits you with a whip. The gnoll hits you with a halberd.
* * * LOW HITPOINT WARNING * * *
The orc priest hits you with a club.
* * * LOW HITPOINT WARNING * * *
Okay, then.
It was a potion of brilliance.
You feel clever all of a sudden. The orc barely misses you.
The gnoll closely misses you. The orc priest barely misses you.
It was a potion of flight.
You feel very buoyant.
You fly up into the air.
The orc closely misses you. The gnoll closely misses you.
The orc priest hits you with a club.
* * * LOW HITPOINT WARNING * * *
The orc hits you with a whip.
* * * LOW HITPOINT WARNING * * *
The gnoll closely misses you.
The orc priest mumbles some strange prayers to Beogh against you.
Beogh smites you!
You die...

#.........#########.#####
#..........)........# ###
#..........############..
#..........########.....#
#...................#####
##.......############
#.........# #.......go#
#.......@># #........o#
#.........# ##.......##
##.(...## #######


You could see an orc priest, a gnoll and an orc.

Vanquished Creatures
  A worker ant (D:3)
  6 adders
  3 gnolls
  2 oozes (D:1)
  A worm (D:2)
  A dart slug (D:3)
  2 leopard geckos (D:1)
  2 orcs (D:3)
  3 giant cockroaches
  11 goblins
  7 hobgoblins
  2 jackals (D:2)
  11 kobolds
  2 quokkas (D:3)
  2 ball pythons
  4 bats
  2 frilled lizards (D:1)
  6 rats
68 creatures vanquished.

Vanquished Creatures (collateral kills)
  A frilled lizard (D:1)
  A kobold (D:1)
2 creatures vanquished.

Grand Total: 70 creatures vanquished

Notes
Turn   | Place    | Note
-------+----------+-------------------------------------------
     0 | D:1      | Delvair the Draconian Transmuter began the quest for the Orb.
     0 | D:1      | Reached XP level 1. HP: 16/16 MP: 3/3
   160 | D:1      | Reached XP level 2. HP: 23/23 MP: 5/5
   166 | D:1      | Learned a level 2 spell: Sticks to Snakes
   707 | D:1      | Reached XP level 3. HP: 17/28 MP: 6/6
   712 | D:1      | Learned a level 3 spell: Spider Form
  1447 | D:2      | Reached XP level 4. HP: 32/35 MP: 5/7
  2643 | D:3      | Reached skill level 4 in Unarmed Combat
  2645 | D:3      | Reached skill level 1 in Poison Magic
  2941 | D:3      | Reached XP level 5. HP: 34/40 MP: 9/9
  3647 | D:3      | HP: 2/40 [orc/whip (3)]
  3647 | D:3      | Killed from afar by an orc priest

Vault maps used:
D:1:      nzn_arrival_settlement, solitary_fountain, st_stairs_9
D:2:      minmay_kobold_bridge, interstate_on_off
D:4:      minmay_temple_entry_statues

Skill      XL: |  1  2  3  4 |
---------------+-------------+-----
Dodging        | 2 |  2.7
Unarmed Combat | 4 |  4.4
Poison Magic   | 1 |  1.6
Fighting       | |  1.2
Spellcasting   | |  2.8
Transmutations | |  2.5

Action                   |  1- 3 |  4- 6 || total
-------------------------+-------+-------++-------
Melee: Unarmed           |   122 |   133 ||   255
       Tailslap          |    12 |    16 ||    28
       Headbutt          |     5 |     5 ||    10
       Punch             |     1 |     2 ||     3
 Fire: Blowgun           |       |     2 ||     2
 Cast: Beastly Appendage |     9 |    11 ||    20
       Sticks to Snakes  |     3 |       ||     3
       Spider Form       |     1 |     3 ||     4
  Use: Scroll            |       |     2 ||     2
       Potion            |       |     2 ||     2
  Eat: Chunk             |     1 |     9 ||    10
Armor: Skin              |    39 |    42 ||    81
Dodge: Dodged            |    70 |    97 ||   167

Table legend:
 A = Spawn XP
 B = Non-spawn XP
 C = Spawn XP percentage of total XP
 D = Spawn monster count
 E = Non-spawn monster count
 F = Spawn count percentage of total count
 G = Total turns spent on level
                    A         B        C        D         E        F      G
               +---------+---------+-------+---------+---------+-------+---------
         Total |       0 |     270 |   0.0 |       0 |      70 |   0.0 |  3647
               +---------+---------+-------+---------+---------+-------+---------
           D:1 |       0 |      58 |   0.0 |       0 |      30 |   0.0 |  1110
           D:2 |       0 |      82 |   0.0 |       0 |      14 |   0.0 |  1405
           D:3 |       0 |     116 |   0.0 |       0 |      25 |   0.0 |  1106
           D:4 |       0 |      14 |   0.0 |       0 |       1 |   0.0 |    26
               +---------+---------+-------+---------+---------+-------+---------
